 Dungeon Crawl Stone Soup version 0.22.1-2-g9c5b331383 (webtiles) character file.

598432 Ihlosi the Slayer (level 27, -15/192 HPs)
             Began as a Kobold Gladiator on Dec 2, 2018.
             Was the Champion of Kikubaaqudgha.
             Killed from afar by an orb of fire (40 damage)
             ... with a fireball
             ... on level 1 of the Realm of Zot on Dec 8, 2018.
             The game lasted 07:55:39 (86014 turns).

Ihlosi the Slayer (Kobold Gladiator)               Turns: 86014, Time: 07:55:39

Health: -15/192    AC: 38    Str: 35    XL:     27
Magic:  33/36      EV: 20    Int:  6    God:    Kikubaaqudgha [******]
Gold:   4488       SH:  6    Dex: 20    Spells: 23/45 levels left

rFire    + . .     SeeInvis +   a - +9 double sword (slice)
rCold    + . .     Gourm    .   (shield currently unavailable)
rNeg     + + .     Faith    .   X - +3 gold dragon scales
rPois    +         Spirit   .   N - +0 hat of Zuvexos {rElec rCorr Str+2}
rElec    +         Reflect  +   z - +2 cloak {MR+}
rCorr    +         Harm     .   J - +1 pair of gloves {archery}
MR       ++++.                  H - +2 pair of boots {run}
Stlth    ..........             D - amulet of the Dropbear {Reflect rN++ Str+6 SH+6}
HPRegen  0.42/turn              F - ring "Feif" {+Fly AC+6 Str+10 Int-5}
MPRegen  0.25/turn              C - ring "Direpyi" {MR+ SInv}

@: about to teleport, very slightly contaminated, quick
A: small, blink, carnivore, mutation resistance 1, weak 1, MP-powered wands
}: 3/15 runes: decaying, serpentine, silver
a: Blink, Receive Corpses, Torment, Renounce Religion, Evoke Flight


You were on level 1 of the Realm of Zot.
You worshipped Kikubaaqudgha.
Kikubaaqudgha was exalted by your worship.
You were hungry.

You visited 12 branches of the dungeon, and saw 53 of its levels.
You visited the Abyss 1 time.
You also visited: Trove, Ossuary, Bailey, Ice Cave, Volcano and Wizlab.

You collected 7686 gold pieces.
You spent 3198 gold pieces at shops.

Inventory:

Hand Weapons
 a - a +9 double sword of slicing (weapon)
 b - the +4 arbalest of Impatience {freeze, Dex+5}
   (You found it on level 1 of the Elven Halls)

   It causes projectiles fired from it to freeze those they strike, causing
   extra injury to most foes and up to half again as much damage against
   particularly susceptible opponents.
   They can also slow down cold-blooded creatures.
   It affects your dexterity (+5).
Missiles
 d - 10 throwing nets (quivered)
 o - 2074 bolts
Armour
 z - a +2 cloak of magic resistance (worn)
 H - a +2 pair of boots of running (worn)
 J - a +1 pair of gloves of archery (worn)
 N - the +0 hat of Zuvexos (worn) {rElec rCorr Str+2}
   (You found it on level 4 of the Vaults)

   It affects your strength (+2).
   It insulates you from electricity.
   It provides partial protection from all sources of acid and corrosion.
 T - the +0 pair of boots "Ceagem" {rPois rF+ rN+ Slay+3}
   (You acquired it on level 3 of the Depths)

   It affects your accuracy and damage with ranged weapons and melee attacks
   (+3).
   It protects you from fire.
   It protects you from poison.
   It protects you from negative energy.
 X - +3 gold dragon scales (worn)
 Z - the +4 helmet "Damnable Contraption" {Regen+ Dex+3}
   (You found it on level 5 of the Lair of Beasts)

   It affects your dexterity (+3).
   It increases your rate of regeneration.
Jewellery
 C - the ring "Direpyi" (right hand) {MR+ SInv}
   (You found it on level 5 of the Vaults)

   [ring of protection from magic]

   It affects your resistance to hostile enchantments.
   It lets you see invisible.
 D - the amulet of the Dropbear (around neck) {Reflect rN++ Str+6 SH+6}
   (You bought it in a shop on level 4 of the Vaults)

   [amulet of reflection]

   It shields you and reflects attacks.
   It affects your strength (+6).
   It greatly protects you from negative energy.
   It affects your SH (+6).
 F - the ring "Feif" (left hand) {+Fly AC+6 Str+10 Int-5}
   (You found it on level 1 of the Lair of Beasts)

   [ring of protection]

   It affects your AC (+6).
   It affects your strength (+10).
   It affects your intelligence (-5).
   It lets you fly.
Wands
 j - a wand of random effects (11)
 x - a wand of paralysis (13)
 y - a wand of flame (97)
 L - a wand of digging (20)
 M - a wand of enslavement (30)
 O - a wand of acid (23)
 Q - a wand of disintegration (2)
 R - a wand of iceblast (25)
Scrolls
 e - 2 scrolls of silence
 i - a scroll of enchant weapon
 l - 20 scrolls of remove curse
 p - 10 scrolls of teleportation
 r - 3 scrolls of magic mapping
 s - 5 scrolls of fear
 u - 4 scrolls of immolation
 w - 2 scrolls of identify
 P - 5 scrolls of vulnerability
 S - 6 scrolls of fog
 V - 2 scrolls of holy word
 Y - 2 scrolls of amnesia
Potions
 c - 2 potions of might
 g - 5 potions of mutation
 h - 16 potions of flight
 m - 6 potions of curing
 q - 8 potions of cancellation
 A - a potion of magic
 B - 3 potions of haste
 K - a potion of agility
 W - 4 potions of invisibility
Miscellaneous
 E - 2 phantom mirrors
 U - 4 sacks of spiders
Comestibles
 f - 64 rations


   Skills:
 * Level 24.5 Fighting
   Level 11.6(20.5) Short Blades
 * Level 18.4(18.9) Long Blades
 - Level 15.0 Crossbows
 - Level 3.1 Throwing
 * Level 13.3 Armour
 - Level 15.0 Dodging
 - Level 15.0 Stealth
   Level 0.4 Shields
 * Level 9.7 Spellcasting
 - Level 6.0 Hexes
 * Level 17.9 Necromancy
 - Level 6.0 Translocations
 - Level 12.0 Evocations


You had 23 spell levels left.
You knew the following spells:

 Your Spells              Type           Power        Failure   Level  Hunger
a - Pain                  Necr           ###.         1%          1    None
b - Animate Skeleton      Necr           N/A          1%          1    None
c - Apportation           Tloc           ##....       21%         1    None
d - Blink                 Tloc           N/A          30%         2    ##.....
e - Corpse Rot            Necr           N/A          1%          2    ##.....
f - Vampiric Draining     Necr           ###.......   1%          3    ###....
g - Confuse               Hex            ##......     52%         3    ###....
h - Animate Dead          Necr           N/A          1%          4    ####...
i - Dispel Undead         Necr           ###.....     4%          5    ######.

Your spell library contained the following spells:

 Spells                   Type           Power        Failure   Level  Hunger
 Sublimation of Blood     Necr           ###.......   1%          2    ##.....
 Regeneration             Chrm/Necr      ##........   17%         3    ###....
 Confusing Touch          Hex            ##....       21%         1    None
 Corona                   Hex            ##.....      21%         1    None
 Slow                     Hex            ##......     30%         2    ##.....
 Lesser Beckoning         Tloc           ##........   52%         3    ###....
 Portal Projectile        Hex/Tloc       ##....       52%         3    ###....
 Tukima's Dance           Hex            ##......     52%         3    ###....
 Ensorcelled Hibernation  Hex/Ice        #.....       71%         2    ##.....
 Bolt of Draining         Conj/Necr      ##........   85%         5    ######.
 Excruciating Wounds      Chrm/Necr      ##........   85%         5    ######.
 Cause Fear               Hex            ##........   89%         4    ####...
 Dazzling Spray           Conj/Hex       #.....       90%         3    ###....
 Inner Flame              Hex/Fire       #.......     90%         3    ###....
 Recall                   Summ/Tloc      N/A          90%         3    ###....
 Summon Guardian Golem    Hex/Summ       #.......     90%         3    ###....
 Beastly Appendage        Tmut           #.....       93%         1    None
 Flame Tongue             Conj/Fire      #....        93%         1    None
 Freeze                   Ice            #...         93%         1    None
 Magic Dart               Conj           #...         93%         1    None
 Sandblast                Erth           #.....       93%         1    None
 Shock                    Conj/Air       #...         93%         1    None
 Sting                    Conj/Pois      #...         93%         1    None
 Summon Butterflies       Summ           #.......     93%         1    None
 Summon Small Mammal      Summ           #...         93%         1    None
 Call Imp                 Summ           #.......     98%         2    ##.....
 Passwall                 Tmut/Erth      #.......     98%         2    ##.....
 Poisonous Vapours        Pois/Air       #.....       98%         2    ##.....
 Sticks to Snakes         Tmut           #.......     98%         2    ##.....
 Swiftness                Chrm/Air       #.......     98%         2    ##.....
 Throw Flame              Conj/Fire      #.....       98%         2    ##.....
 Throw Frost              Conj/Ice       #.....       98%         2    ##.....
 Call Canine Familiar     Summ           #.......     100%        3    ###....
 Conjure Flame            Conj/Fire      #.......     100%        3    ###....
 Ignite Poison            Fire/Tmut/Pois #.......     100%        3    ###....
 Mephitic Cloud           Conj/Pois/Air  #.......     100%        3    ###....
 Ozocubu's Armour         Chrm/Ice       #.......     100%        3    ###....
 Spider Form              Tmut/Pois      #.........   100%        3    ###....
 Static Discharge         Conj/Air       #.......     100%        3    ###....
 Stone Arrow              Conj/Erth      #.....       100%        3    ###....
 Airstrike                Air            #.........   100%        4    ####...
 Ice Form                 Ice/Tmut       #.......     100%        4    ####...
 Leda's Liquefaction      Hex/Erth       #.........   100%        4    ####...
 Olgreb's Toxic Radiance  Pois           #.......     100%        4    ####...
 Petrify                  Tmut/Erth      #.......     100%        4    ####...
 Sticky Flame             Conj/Fire      #.......     100%        4    ####...
 Summon Ice Beast         Ice/Summ       #.......     100%        4    ####...
 Summon Lightning Spire   Summ/Air       #.......     100%        4    ####...
 Throw Icicle             Conj/Ice       #.......     100%        4    ####...
 Alistair's Intoxication  Tmut/Pois      #.......     100%        5    ######.
 Aura of Abjuration       Summ           #.........   100%        5    ######.
 Blade Hands              Tmut           #.........   100%        5    ######.
 Fireball                 Conj/Fire      #.........   100%        5    ######.
 Irradiate                Conj/Tmut      #.........   100%        5    ######.
 Lee's Rapid Deconstruct  Erth           #.........   100%        5    ######.
 Lightning Bolt           Conj/Air       #.........   100%        5    ######.
 Metabolic Englaciation   Hex/Ice        #.........   100%        5    ######.
 Silence                  Hex/Air        #.........   100%        5    ######.
 Summon Demon             Summ           #.........   100%        5    ######.
 Summon Forest            Summ/Tloc      #.........   100%        5    ######.
 Summon Mana Viper        Hex/Summ       #.......     100%        5    ######.
 Venom Bolt               Conj/Pois      #.........   100%        5    ######.
 Yara's Violent Unravell  Hex/Tmut       #.........   100%        5    ######.
 Bolt of Cold             Conj/Ice       #.........   100%        6    #######
 Deflect Missiles         Chrm/Air       #.........   100%        6    #######
 Freezing Cloud           Conj/Ice/Air   #.........   100%        6    #######
 Hydra Form               Tmut           #.........   100%        6    #######
 Invisibility             Hex            ##......     100%        6    #######
 Ozocubu's Refrigeration  Ice            #.........   100%        6    #######
 Shadow Creatures         Summ           N/A          100%        6    #######
 Simulacrum               Ice/Necr       ##........   100%        6    #######
 Haunt                    Necr/Summ      ##........   100%        7    #######
 Summon Hydra             Summ           #.........   100%        7    #######
 Borgnjor's Revivificati  Necr           ###.......   100%        8    #######
 Death's Door             Chrm/Necr      ##........   100%        8    #######
 Discord                  Hex            ##........   100%        8    #######
 Ignition                 Fire           #.........   100%        8    #######
 Infestation              Necr           ###.......   100%        8    #######
 Necromutation            Tmut/Necr      ##........   100%        8    #######
 Shatter                  Erth           #.........   100%        9    #######
 Tornado                  Air            #.........   100%        9    #######


Dungeon Overview and Level Annotations

Branches:
Dungeon (15/15)            Temple (1/1) D:6            Lair (6/6) D:8
  Swamp (4/4) Lair:3        Snake (4/4) Lair:3        Slime (4/5) Lair:6
    Orc (2/2) D:12            Elf (3/3) Orc:2        Vaults (5/5) D:13
  Crypt (3/3) Vaults:3       Tomb (0/3) Crypt:3      Depths (5/5) D:15
    Zot (1/5) Depths:5

Altars:
Ashenzari
Cheibriados
Dithmenos
Elyvilon
Fedhas
Gozag
Hepliaklqana
Kikubaaqudgha
Makhleb
Nemelex Xobeh
Okawaru
Qazlal
Ru
Sif Muna
Trog
Uskayaw
Vehumet
Wu Jian
Xom
Yredelemnul
Zin
The Shining One
Beogh

Shops:
D:12 (   D:14 %   Orc:1 (   Orc:2 !}((   Vaults:2 *   Vaults:4 =:   Depths:2 }

Portals:
Hell: Depths:1 Depths:2 Depths:3 Depths:4 Depths:5
Abyss: Depths:4
Pandemonium: Depths:3
Ziggurat: Depths:5

Annotations:
D:14 exclusion: Roxanne, Roxanne
Slime:4 Dissolution!, Dissolution
Zot:1 OOF!


Innate Abilities, Weirdness & Mutations

You are small and have problems with some larger weapons.
You are carnivorous and can eat meat at any time.
You can translocate small distances at will.
You are somewhat resistant to further mutation.
You are weak. (Str -2)
You expend magic power (3 MP) to strengthen your wands.


Message History

* * * LOW HITPOINT WARNING * * *
You feel much better.
Casting: Blink (safe; 30% risk of failure)
Confirm with . or Enter, or press ? or * to list all spells.
You blink.
The orb of fire glows bright magenta.
The fireball explodes!
The fireball engulfs you! You resist.
* * * LOW HITPOINT WARNING * * *
You feel better.
You are feeling hungry.
The storm dragon breathes lightning at you.
The bolt of lightning hits the orb of fire.
The orb of fire completely resists.
The bolt of lightning misses you. The bolt of lightning hits you! You resist.
* * * LOW HITPOINT WARNING * * *
You feel better.
The orb of fire glows deep purple.
The fireball explodes!
The fireball engulfs you! You resist.
You die...
Kikubaaqudgha rasps: "You have failed me!
Welcome... death!"

..+.#.###.# #(#≈≈#..≈###≈...#...#
..#.#.# #.# #.#≈§#..≈# #≈...#.#.#
..#.#.###.###.####..≈###≈...'....
..#.........+(......≈≈≈≈≈...###.#
..###.###.###.(.............# #.#
'## #.###.####(#####+##'##### #.#
.####.##......D...##.##.# #.#
.........#.###.##*##.##.## #.#
......####.# #..@........######.#
.###### #.# #####.####[........#
.# ######'## #.# #.#######+# .#
#.......# #.# #.# #...... .#
#.......# #.# #[# #...... .#
#.......# #.# ##.###§§§≈≈≈ .#
#.......# #.# #....#.≈§≈≈≈ .#
#.......######.# #.##.#.Z###§
.####.......'...##.# #.##.'.≈# #§


You could see an orb of fire.

Vanquished Creatures
  4 ancient liches
  Sojobo (Crypt:1)
  Vashnia (Snake:1)
  Saint Roka (Elf:3)
  Frederick (Vaults:3)
  The ghost of Peloso the Hoplite, a veteran MiFi of Okawaru (Vaults:4)
  A curse toe (Crypt:3)
  5 golden dragons
  A Tzitzimitl (Depths:4)
  A bone dragon (Depths:5)
  An electric golem (Zot:1)
  3 liches
  9 tentacled monstrosities
  3 deep elf blademasters
  A deep elf master archer (Elf:3)
  2 quicksilver dragons
  Asterion (Depths:2)
  Frances (D:12)
  3 death cobs (Zot:1)
  3 sphinxes (Vaults:5)
  11 shadow dragons
  12 ancient champions
  16 acid blobs
  4 thorn hunters
  5 tengu reavers
  2 revenants (Crypt:3)
  Donald (Crypt:2)
  4 storm dragons
  9 fire giants
  4 azure jellies
  11 frost giants
  A frost giant (shapeshifter) (Vaults:5)
  4 nagarajas (Snake:4)
  A draconian knight (Depths:5)
  7 deep elf sorcerers
  2 draconian shifters (Zot:1)
  3 deep elf elementalists
  A draconian scorcher (Depths:5)
  13 vault wardens
  3 curse skulls
  3 draconian annihilators
  16 ghouls
  2 orc warlords (Vaults:4)
  2 draconian stormcallers (Depths:5)
  2 war gargoyles
  8 ironheart preservers
  2 spriggan defenders (Depths:4)
  A caustic shrike skeleton (Depths:3)
  14 stone giants
  2 green draconians (Depths:5)
  2 entropy weavers
  A juggernaut skeleton (Crypt:3)
  16 very ugly things
  5 deep elf demonologists
  3 red draconians
  5 black draconians (Depths:5)
  12 vampire knights
  3 yellow draconians
  Azrael (D:12)
  7 deep elf annihilators
  A white draconian (Zot:1)
  A dire elephant (D:15)
  A purple draconian (Zot:1)
  A lorocyproca (WizLab)
  Snorg (D:10)
  9 ettins
  4 eidola
  A merfolk javelineer (Depths:1)
  2 death oozes
  10 deep elf death magi
  Erolcha (D:11)
  9 fire dragons
  31 vault guards
  12 great orbs of eyes
  2 mummy priests (Crypt:3)
  13 yaktaur captains
  Josephine (D:12)
  6 deep elf high priests
  16 jiangshi
  10 hydras
  Harold (D:8)
  9 ice dragons
  8 naga warriors
  2 catoblepae
  5 rakshasas
  6 ghost crabs
  6 anacondas
  9 two-headed ogres
  6 death knights
  4 spriggan air magi
  12 centaur warriors
  A two-headed ogre (shapeshifter) (Vaults:4)
  23 dancing weapons
  11 alligators
  3 ogre magi
  A queen ant (shapeshifter) (Depths:5)
  13 deep troll earth magi
  14 deep troll shamans
  3 thrashing horrors (Abyss:3)
  9 spriggan berserkers
  4 tengu warriors
  8 vampire magi
  11 naga sharpshooters
  6 shock serpents
  3 orc high priests
  2 soul eaters
  Sonja (Orc:2)
  A sixfirhy (WizLab)
  5 iron trolls
  A salamander mystic (Volcano)
  3 fire crabs (shapeshifter)
  17 deep elf knights
  18 hell knights
  36 skeletal warriors
  8 shadow wraiths
  A death drake (shapeshifter) (Depths:5)
  3 flayed ghosts
  5 spriggan druids (Swamp:2)
  4 shadow demons
  A quicksilver dragon simulacrum (Crypt:2)
  41 deep trolls
  7 wizards
  4 unseen horrors
  An obsidian statue (Vaults:1)
  A golden dragon zombie (Crypt:1)
  6 naga ritualists
  18 necromancers
  11 swamp dragons
  15 deep elf archers
  2 sphinx zombies
  A shambling mangrove (Swamp:1)
  15 ironbrand convokers
  A golden dragon skeleton (Crypt:3)
  A harpy (shapeshifter) (Depths:5)
  16 orc knights
  14 phantasmal warriors
  4 orc sorcerers
  A wolf spider zombie (Crypt:3)
  An orb spider (shapeshifter) (Vaults:4)
  4 cyclopes
  A frost giant zombie (Depths:3)
  37 ugly things
  42 deep elf magi
  An iron giant skeleton (Crypt:3)
  2 stone giant zombies
  3 wolf spiders
  3 manticores
  A shining eye (shapeshifter) (Depths:2)
  15 mana vipers
  An iron dragon zombie (Crypt:3)
  8 shining eyes
  2 fire giant zombies (Crypt:3)
  4 moths of wrath (Zot:1)
  9 salamanders
  2 large abominations (Abyss:3)
  4 apocalypse crabs (Swamp:2)
  An iron dragon skeleton (Crypt:2)
  2 guardian serpents
  21 naga magi
  30 black mambas
  Maurice (D:8)
  3 elephants (Lair:5)
  6 vault sentinels
  Joseph (D:9)
  7 molten gargoyles
  3 gargoyles
  3 ice statues (IceCv)
  A spiny frog (shapeshifter) (Elf:2)
  2 dire elephant skeletons (Crypt:2)
  20 spiny frogs
  A human zombie (Vaults:1)
  11 freezing wraiths
  A hellion (Abyss:3)
  An efreet (D:13)
  3 komodo dragons
  2 hellwings (Depths:3)
  4 rime drakes
  33 yaktaurs
  A golden dragon simulacrum (Crypt:2)
  An anaconda simulacrum (Crypt:2)
  9 guardian mummies (Crypt:3)
  A polar bear (shapeshifter) (Depths:4)
  2 harpy zombies
  2 tengu conjurers
  A shadow dragon simulacrum (Crypt:1)
  8 trolls
  A death yak skeleton (Crypt:2)
  A troll (shapeshifter) (Depths:1)
  13 hornets
  3 polar bears
  A raiju (Abyss:3)
  6 tyrant leeches
  2 fire dragon zombies (Crypt:1)
  16 blink frogs
  16 bog bodies
  4 hippogriffs
  95 slime creatures
  An air elemental (Elf:2)
  2 human simulacra
  Sigmund (D:3)
  11 shadows
  8 redbacks
  17 wraiths
  2 tarantellas (Vaults:5)
  An ettin zombie (Vaults:1)
  8 flying skulls
  An ice dragon skeleton (Crypt:3)
  A vampire (D:13)
  An ettin skeleton (Crypt:1)
  3 spriggans
  2 ynoxinuls
  A fire dragon skeleton (Crypt:3)
  7 fire elementals
  9 water elementals
  52 yaks
  An ushabti (Crypt:3)
  12 wyverns
  A human (shapeshifter) (D:14)
  15 humans (D:13)
  6 basilisks
  5 fire bats
  8 golden eyes (Slime:1)
  3 hungry ghosts
  2 neqoxecs
  A steam dragon (D:13)
  A tyrant leech zombie (Crypt:1)
  15 vampire mosquitoes
  A two-headed ogre zombie (Crypt:3)
  13 insubstantial wisps
  A monstrous demonspawn zombie (Crypt:3)
  A minotaur simulacrum (Crypt:1)
  14 swamp worms
  3 wargs
  35 nagas
  2 soldier ants (D:14)
  A deep troll zombie (Crypt:1)
  3 acid dragons
  15 water moccasins
  A soldier ant (shapeshifter) (Vaults:1)
  An infernal demonspawn skeleton (Crypt:3)
  6 porcupines
  A hell hound (D:12)
  15 swamp drakes
  3 small abominations
  A black bear (D:7)
  A deep troll skeleton (Crypt:2)
  An elf skeleton (Vaults:1)
  49 orc warriors
  4 sky beasts
  9 ice beasts
  11 ogres
  2 phantoms
  An ice dragon simulacrum (Vaults:1)
  5 eyes of draining
  12 boggarts
  11 wolves
  27 centaurs
  3 manticore skeletons
  5 necrophages
  A swamp dragon skeleton (Crypt:3)
  6 crocodiles
  2 big kobolds
  A draconian zombie (Crypt:1)
  Blork the orc (D:6)
  20 bullfrogs
  8 gnoll sergeants
  An earth elemental (Elf:2)
  A yaktaur skeleton (Vaults:1)
  A human skeleton (Vaults:1)
  3 scorpions
  14 killer bees
  7 wights
  7 howler monkeys
  8 crimson imps
  4 quasits
  5 lava snakes
  2 yaktaur simulacra (Vaults:1)
  7 centaur zombies
  7 hounds
  5 jellies
  15 orc priests
  A basilisk skeleton (Crypt:2)
  8 gnoll shamans
  2 iron imps
  10 orc wizards
  3 bullfrog skeletons
  3 centaur skeletons
  3 iguanas
  Natasha (thrice) (D:2)
  17 worker ants
  A deep dwarf zombie (Crypt:3)
  A felid zombie (Crypt:1)
  A big kobold zombie (Ossuary)
  A crocodile skeleton (Crypt:1)
  A naga zombie (Crypt:3)
  A demigod skeleton (Crypt:3)
  A hound zombie (D:8)
  A naga skeleton (Crypt:1)
  A hound skeleton (D:11)
  12 mummies
  A worker ant zombie (D:8)
  Robin (D:2)
  12 adders
  48 gnolls
  2 shadow imps
  4 white imps
  5 ufetubi
  2 oozes
  2 adder skeletons
  2 worms (D:2)
  4 dart slugs
  2 leopard geckos
  68 orcs
  A ball python (D:4)
  A giant cockroach (D:3)
  13 goblins
  16 hobgoblins
  24 jackals
  16 kobolds
  A quokka (D:10)
  9 bats
  3 frilled lizards
  2 hobgoblin zombies (Ossuary)
  3 leopard gecko skeletons
  An orc zombie (Crypt:1)
  2 quokka skeletons
  4 rats
  A rat skeleton (Crypt:2)
  2 crawling corpses
  3 starspawn tentacles (Abyss:3)
2228 creatures vanquished.

Vanquished Creatures (collateral kills)
  Margery (Depths:5)
  A tentacled monstrosity (Depths:4)
  A deep elf master archer (Elf:3)
  A sphinx (Vaults:5)
  A shadow dragon (Vaults:5)
  A fire giant (Vaults:5)
  An entropy weaver (Vaults:3)
  3 stone giants
  2 very ugly things
  A deep elf demonologist (Elf:2)
  A deep elf annihilator (Elf:3)
  A white draconian (Depths:5)
  An ettin (Depths:5)
  2 jiangshi (Depths:2)
  A great orb of eyes (Depths:5)
  A deep elf high priest (Elf:3)
  An ice dragon (Depths:5)
  4 yaktaur captains
  A ghost crab (Swamp:2)
  A centaur warrior (Depths:2)
  3 hydras
  A two-headed ogre (Vaults:5)
  A tengu warrior (D:15)
  A deep troll earth mage (Depths:2)
  A deep elf knight (Vaults:3)
  A shock serpent (Snake:3)
  2 naga sharpshooters
  3 slime creatures (Slime:1)
  A skeletal warrior (Vaults:3)
  An iron troll (Depths:4)
  A wizard (D:13)
  2 swamp dragons
  A naga ritualist (Snake:4)
  A deep elf archer (Elf:1)
  2 deep trolls
  3 orc knights
  A phantasmal warrior (Vaults:5)
  4 ironbrand convokers
  5 ugly things
  3 deep elf magi
  A manticore (D:15)
  5 elephants (Lair:5)
  5 black mambas
  2 vault sentinels
  A centaur zombie (D:11)
  An emperor scorpion zombie (Crypt:3)
  3 naga magi (Snake:4)
  10 spiny frogs
  4 yaktaurs
  2 freezing wraiths
  3 rime drakes
  A komodo dragon (Lair:6)
  A tyrant leech (Swamp:2)
  3 blink frogs
  A hippogriff (Lair:6)
  A bog body (Swamp:2)
  A hornet (Lair:6)
  A stone giant simulacrum (Vaults:2)
  4 redbacks
  2 humans (D:13)
  6 yaks
  2 wyverns (Lair:6)
  A basilisk (Lair:6)
  3 hungry ghosts
  A swamp worm (Swamp:3)
  2 acid dragons (Lair:6)
  3 water moccasins (Lair:6)
  A naga (Snake:4)
  4 orc warriors
  A boggart (Depths:5)
  2 centaurs
  2 crocodiles
  An ogre (Vaults:5)
  2 bullfrogs
  A small abomination (Crypt:3)
  2 gnoll sergeants (Bailey)
  2 killer bees
  A wight (Vaults:3)
  An electric eel (Lair:1)
  2 howler monkeys (D:8)
  A quasit (D:11)
  A jelly (D:9)
  4 gnoll shamans
  3 orc priests
  2 orc wizards (D:13)
  An iguana (Lair:6)
  A worker ant (D:11)
  10 gnolls
  5 orcs
  2 goblins (D:11)
  2 jackals (D:5)
  2 crawling corpses
  6 fungi
  7 plants
204 creatures vanquished.

Vanquished Creatures (others)
  An ancient lich (Vaults:5)
  Nikola (Snake:4)
  A nagaraja (Snake:4)
  A naga warrior (Snake:4)
  An ironbrand convoker (Vaults:1)
  A wizard (Vaults:2)
  A deep elf mage (D:14)
  2 wolf spiders
  2 naga magi (Snake:4)
  3 yaktaurs
  2 shadows
  An orc warrior (Elf:1)
  A crocodile (Lair:6)
  A bullfrog skeleton (D:13)
  An orc (Vaults:4)
  14 fungi
  29 plants
  3 starspawn tentacles (Abyss:3)
66 creatures vanquished.

Grand Total: 2498 creatures vanquished

Notes
Turn   | Place    | Note
-------+----------+-------------------------------------------
     0 | D:1      | Ihlosi the Kobold Gladiator began the quest for the Orb.
     0 | D:1      | Reached XP level 1. HP: 12/12 MP: 1/1
    36 | D:1      | Reached XP level 2. HP: 5/17 MP: 2/2
   526 | D:1      | Reached skill level 1 in Stealth
   538 | D:1      | Reached XP level 3. HP: 18/22 MP: 3/3
  1186 | D:2      | Reached XP level 4. HP: 27/27 MP: 4/4
  1534 | D:2      | Noticed an ogre
  1548 | D:2      | Killed an ogre
  1548 | D:2      | Reached skill level 3 in Fighting
  1548 | D:2      | Reached skill level 1 in Short Blades
  1548 | D:2      | Reached skill level 1 in Armour
  1548 | D:2      | Reached XP level 5. HP: 32/32 MP: 5/5
  1621 | D:2      | Noticed Natasha
  1810 | D:2      | Reached XP level 6. HP: 26/37 MP: 6/6
  1980 | D:2      | Noticed Robin
  2000 | D:2      | Killed Robin
  2002 | D:2      | Killed Natasha
  2181 | D:2      | Noticed Natasha
  2201 | D:2      | Killed Natasha
  2352 | D:2      | Noticed Natasha
  2369 | D:2      | Killed Natasha
  2824 | D:3      | Found a faded altar of an unknown god.
  2909 | D:3      | Noticed Sigmund
  2968 | D:3      | Reached skill level 4 in Fighting
  3149 | D:3      | Reached XP level 7. HP: 39/43 MP: 7/7
  3184 | D:4      | Reached skill level 5 in Stealth
  3230 | D:4      | Found a sand-covered staircase.
  3239 | Ossuary  | Entered an ossuary
  3544 | Ossuary  | Reached skill level 1 in Spellcasting
  4373 | D:4      | Found an iron altar of Okawaru.
  4646 | D:5      | Entered Level 5 of the Dungeon
  4786 | D:5      | Learned a level 1 spell: Animate Skeleton
  4811 | D:5      | Reached XP level 8. HP: 48/48 MP: 10/10
  4906 | D:5      | Reached skill level 5 in Fighting
  5012 | D:5      | Reached skill level 5 in Dodging
  5116 | D:5      | Reached skill level 1 in Evocations
  5142 | D:5      | Reached skill level 1 in Necromancy
  6310 | D:5      | Reached skill level 6 in Fighting
  6366 | D:5      | Reached skill level 5 in Short Blades
  6534 | D:5      | Reached XP level 9. HP: 22/55 MP: 13/13
  6754 | D:6      | Found a staircase to the Ecumenical Temple.
  6991 | D:6      | Noticed Blork the orc
  7047 | Temple   | Entered the Ecumenical Temple
  7076 | Temple   | Became a worshipper of Kikubaaqudgha
  8754 | D:8      | Found a staircase to the Lair.
  8820 | D:8      | Noticed Maurice
  9055 | D:9      | Noticed a guardian serpent
  9588 | D:6      | Reached skill level 7 in Fighting
  9588 | D:6      | Reached XP level 10. HP: 31/63 MP: 14/14
  9604 | D:6      | Reached * piety under Kikubaaqudgha
  9604 | D:6      | Identified Kikubaaqudgha's Reference Book on Dark Arts
                  | (Kikubaaqudgha gifted it to you on level 6 of the Dungeon)
  9604 | D:6      | Received a gift from Kikubaaqudgha
  9788 | D:6      | Learned a level 1 spell: Pain
  9791 | D:6      | Learned a level 2 spell: Corpse Rot
  9795 | D:6      | Learned a level 3 spell: Vampiric Draining
 10019 | D:6      | Killed Blork the orc
 10035 | D:6      | Reached skill level 10 in Short Blades
 10239 | D:3      | Killed Sigmund
 10649 | D:8      | Killed Maurice
 10767 | D:8      | Noticed a two-headed ogre
 10968 | D:8      | Killed a two-headed ogre
 11157 | D:8      | Noticed Harold
 11687 | D:9      | Noticed Joseph
 11706 | D:9      | Killed Joseph
 11821 | D:9      | Reached XP level 11. HP: 63/68 MP: 16/16
 11994 | D:9      | Reached skill level 8 in Fighting
 11994 | D:9      | Reached skill level 5 in Evocations
 12575 | D:8      | Killed Harold
 12579 | D:8      | Reached ** piety under Kikubaaqudgha
 12664 | D:8      | Killed an unseen horror
 13440 | D:10     | Entered Level 10 of the Dungeon
 13547 | D:10     | Noticed a two-headed ogre
 13560 | D:10     | Killed a two-headed ogre
 13897 | D:10     | Reached skill level 5 in Necromancy
 13909 | D:10     | Reached skill level 9 in Fighting
 14128 | D:10     | Reached *** piety under Kikubaaqudgha
 14128 | D:10     | Identified Kikubaaqudgha's Handbook of Darkness
                  | (Kikubaaqudgha gifted it to you on level 10 of the Dungeon)
 14128 | D:10     | Received a gift from Kikubaaqudgha
 14143 | D:10     | Learned a level 4 spell: Animate Dead
 14296 | D:10     | Reached skill level 5 in Spellcasting
 14335 | D:10     | HP: 5/106 [poisoned by a killer bee]
 14690 | D:10     | Noticed Snorg
 14859 | D:11     | Noticed Erolcha
 14863 | D:11     | Killed Erolcha
 14863 | D:11     | Reached XP level 12. HP: 64/76 MP: 19/19
 14893 | D:11     | Killed an unseen horror
 14925 | D:11     | Found a flagged portal.
 14934 | Bailey   | Entered a bailey
 15146 | Bailey   | Got a bloodstained plate armour
 15753 | D:11     | Reached **** piety under Kikubaaqudgha
 15776 | D:10     | Identified the +3 plate armour of Generosity {-Tele rF+
                  | rC+++ Str+2} (You took it off a gnoll shaman in a bailey)
 15920 | D:11     | Found a shadowy altar of Dithmenos.
 16247 | D:12     | Noticed Josephine
 16403 | Lair:1   | Entered Level 1 of the Lair of Beasts
 16521 | Lair:1   | Reached skill level 10 in Fighting
 16879 | Lair:1   | Got a heavily runed silver ring
 16880 | Lair:1   | Identified the ring "Feif" {+Fly AC+6 Str+10 Int-5} (You
                  | found it on level 1 of the Lair of Beasts)
 17160 | Lair:1   | Reached skill level 5 in Long Blades
 18063 | Lair:2   | Reached XP level 13. HP: 83/83 MP: 22/22
 18302 | Lair:2   | Identified a scroll of acquirement
 19314 | Lair:3   | Found a staircase to the Snake Pit.
 19403 | Lair:3   | Found a staircase to the Swamp.
 19862 | Lair:4   | Found a dark tunnel.
 19869 | Lair:4   | Learned a level 1 spell: Apportation
 19875 | Lair:4   | Learned a level 5 spell: Dispel Undead
 19876 | Volcano  | Entered a volcano
 20145 | Volcano  | Found a bloodstained altar of Trog.
 20188 | Volcano  | Noticed a red draconian
 20192 | Volcano  | HP: 2/84 [red draconian] (6)]
 20227 | Volcano  | Killed a red draconian
 20229 | Volcano  | Reached ***** piety under Kikubaaqudgha
 20726 | Lair:4   | Reached skill level 11 in Fighting
 21289 | Lair:4   | Noticed a four-headed hydra
 21301 | Lair:4   | Killed a five-headed hydra
 21603 | Lair:5   | Found a frozen archway.
 21617 | Lair:5   | Reached skill level 1 in Translocations
 21630 | IceCv    | Entered an ice cave
 21637 | IceCv    | Reached XP level 14. HP: 90/90 MP: 23/23
 22664 | Lair:5   | Got a dazzling helmet
 22675 | Lair:5   | Identified the +4 helmet "Damnable Contraption" {Regen+
                  | Dex+3} (You found it on level 5 of the Lair of Beasts)
 23116 | Lair:6   | Entered Level 6 of the Lair of Beasts
 23688 | Lair:6   | Reached ****** piety under Kikubaaqudgha
 23694 | Lair:6   | Reached skill level 10 in Long Blades
 23699 | Lair:6   | Received a gift from Kikubaaqudgha
 23865 | Lair:6   | Found a staircase to the Slime Pits.
 24290 | Lair:6   | Reached skill level 12 in Fighting
 25202 | D:12     | Got a jewelled scale mail
 25223 | D:12     | Reached XP level 15. HP: 96/96 MP: 24/24
 25344 | D:12     | Learned a level 3 spell: Confuse
 25478 | D:12     | Killed Josephine
 25510 | D:12     | Identified the cursed +1 scale mail of the Pleiades {+Blink
                  | rF- Str-3 Int+3 Dex+2 SInv} (You found it on level 12 of
                  | the Dungeon)
 25514 | D:12     | Reached XP level 16. HP: 103/103 MP: 25/25
 25817 | D:12     | Noticed Azrael
 25856 | D:12     | Killed Azrael
 25945 | D:12     | Found a staircase to the Orcish Mines.
 25992 | D:12     | Reached skill level 1 in Crossbows
 26072 | D:12     | Reached skill level 1 in Hexes
 26229 | D:12     | Noticed Frances
 26299 | D:12     | Found Ricium's Antique Weapon Boutique.
 26409 | D:12     | Killed Frances
 26506 | Orc:1    | Entered Level 1 of the Orcish Mines
 26506 | Orc:1    | Found a shimmering altar of Xom.
 26528 | Orc:1    | Found Cosyukke's Weapon Boutique.
 26985 | Orc:2    | Entered Level 2 of the Orcish Mines
 27101 | Orc:1    | Found a roughly hewn altar of Beogh.
 27460 | Orc:2    | Found a staircase to the Elven Halls.
 27501 | Orc:2    | Reached skill level 13 in Fighting
 27655 | Orc:2    | Reached skill level 10 in Dodging
 27821 | Orc:2    | Found Sig Peos's Gadget Emporium.
 27821 | Orc:2    | Found Inketop's Antique Weapon Shop.
 27825 | Orc:2    | Found Kazuo's Antique Weapon Boutique.
 27827 | Orc:2    | Found Gacig's Distillery.
 27850 | Orc:2    | Bought a runed double sword for 414 gold pieces
 28911 | D:13     | Noticed a storm dragon
 29068 | D:13     | Reached skill level 5 in Armour
 29271 | D:13     | Found a runed gate.
 29271 | D:13     | Found a runed gate.
 29271 | D:13     | Found a runed gate.
 29303 | D:13     | Noticed a fire giant
 29323 | D:13     | Found a runed gate.
 29323 | D:13     | Found a runed gate.
 29323 | D:13     | Found a runed gate.
 29675 | D:14     | Found Plog's Food Shop.
 29812 | D:14     | Got a brightly glowing leather armour
 29813 | D:14     | Identified the +1 leather armour "Pylin" {rCorr Str+2
                  | Stlth+} (You found it on level 14 of the Dungeon)
 30622 | D:14     | Noticed Roxanne
 30888 | D:15     | Entered Level 15 of the Dungeon
 30997 | D:15     | Got an encrusted chain mail
 30998 | D:15     | Identified the +6 chain mail of the Peculiar Princes
                  | {rElec} (You found it on level 15 of the Dungeon)
 31095 | D:15     | Found a staircase to the Depths.
 31107 | D:15     | Reached XP level 17. HP: 47/109 MP: 16/26
 31691 | Depths:1 | Entered Level 1 of the Depths
 31721 | Depths:1 | Reached skill level 5 in Crossbows
 32044 | Swamp:1  | Entered Level 1 of the Swamp
 32303 | Swamp:1  | Learned a level 2 spell: Blink
 33092 | Swamp:2  | Reached skill level 14 in Fighting
 33330 | Swamp:2  | Found a runed door.
 34021 | Swamp:3  | Noticed a thorn hunter
 34284 | Swamp:4  | Entered Level 4 of the Swamp
 34508 | Swamp:3  | Killed a thorn hunter
 34508 | Swamp:3  | Reached skill level 10 in Necromancy
 34885 | Swamp:4  | Noticed a thorn hunter
 34910 | Swamp:4  | Noticed a thorn hunter
 34922 | Swamp:3  | Killed a thorn hunter
 35146 | Swamp:4  | Reached skill level 10 in Stealth
 35260 | Swamp:4  | Reached XP level 18. HP: 69/117 MP: 27/27
 35993 | Swamp:4  | Got a decaying rune of Zot
 36744 | Elf:1    | Entered Level 1 of the Elven Halls
 36760 | Elf:1    | Reached skill level 15 in Fighting
 36942 | Elf:1    | Got a bloodstained scimitar
 36955 | Elf:1    | Found a magical portal.
 36962 | Elf:1    | Identified the +3 scimitar "Rorir" {flame, rF+ rN+ Dex+2}
                  | (You found it on level 1 of the Elven Halls)
 36966 | WizLab   | Entered The Hall of the Hellbinder
 37019 | WizLab   | HP: 5/119 [??? (2)]
 37548 | Elf:1    | Got a polished arbalest
 37549 | Elf:1    | Identified the +4 arbalest of Impatience {freeze, Dex+5}
                  | (You found it on level 1 of the Elven Halls)
 37990 | Elf:1    | Reached XP level 19. HP: 114/124 MP: 28/28
 38685 | Elf:2    | Got a polished mace
 38686 | Elf:2    | Identified the +4 mace of Acymm {holy, rC- MR+ Dex+2} (You
                  | found it on level 2 of the Elven Halls)
 38760 | Elf:2    | Got a distressingly furry helmet
 38761 | Elf:2    | Identified the +2 helmet "Utugh" {rPois rN+} (You found it
                  | on level 2 of the Elven Halls)
 38990 | Elf:2    | Found a huge runed gate.
 38990 | Elf:2    | Found a huge runed gate.
 38991 | Elf:2    | Found a huge runed gate.
 38992 | Elf:2    | Found a huge runed gate.
 39000 | Elf:2    | Found a huge runed gate.
 39207 | Elf:2    | Noticed a deep elf blademaster
 39213 | Elf:2    | Killed a deep elf blademaster
 39635 | Elf:2    | Reached skill level 16 in Fighting
 40179 | Elf:3    | Entered Level 3 of the Elven Halls
 40505 | Elf:3    | Found a portal to a secret trove of treasure.
 41376 | D:10     | Killed Snorg
 41522 | Snake:1  | Entered Level 1 of the Snake Pit
 43034 | Snake:2  | Noticed Vashnia
 43119 | Snake:1  | Killed Vashnia
 43238 | Snake:2  | Reached XP level 20. HP: 106/132 MP: 26/29
 43288 | Snake:2  | Reached skill level 10 in Crossbows
 43300 | Snake:2  | Got a faintly glowing cloak
 43301 | Snake:2  | Identified the +1 cloak "Uffisido" {Dex+4} (You found it on
                  | level 2 of the Snake Pit)
 44538 | Snake:4  | Entered Level 4 of the Snake Pit
 44847 | Snake:4  | Got a smoking whip
 44849 | Snake:4  | Identified the +9 whip "March" {venom, +Blink rC+ rN++
                  | MP+9} (You found it on level 4 of the Snake Pit)
 45576 | Snake:4  | Noticed Nikola
 45612 | Snake:4  | Reached skill level 17 in Fighting
 45612 | Snake:4  | Killed Nikola
 47459 | Snake:4  | Reached skill level 15 in Long Blades
 47720 | Snake:4  | Got a serpentine rune of Zot
 48273 | D:13     | Found a gate to the Vaults.
 48309 | Vaults:1 | Entered Level 1 of the Vaults
 48459 | Vaults:1 | Reached XP level 21. HP: 139/139 MP: 30/30
 50229 | Vaults:2 | Found a radiant altar of Vehumet.
 51208 | Vaults:2 | Found Zugovi's Assorted Antiques.
 51965 | Vaults:3 | Reached skill level 18 in Fighting
 52098 | Vaults:3 | Noticed Frederick
 52277 | Vaults:3 | Killed Frederick
 52690 | Vaults:3 | Found a staircase to the Crypt.
 52705 | Vaults:3 | Reached XP level 22. HP: 145/147 MP: 31/31
 53992 | Vaults:4 | Found a runed gate.
 53992 | Vaults:4 | Found a runed gate.
 53992 | Vaults:4 | Found a runed gate.
 53993 | Vaults:4 | Noticed Peloso's ghost (veteran MiFi)
 53994 | Vaults:4 | Found a roughly hewn altar of Beogh.
 54013 | Vaults:4 | Found Atwy's Jewellery Shop.
 54445 | Vaults:4 | Found Qacutafu's Book Shop.
 54643 | Vaults:4 | Bought the amulet of the Dropbear {Reflect rN++ Str+6 SH+6}
                  | for 1860 gold pieces
 54658 | Vaults:4 | Bought the amulet of the Two Names {rElec Regen+} for 924
                  | gold pieces
 55992 | Depths:1 | Found a gateway to Hell.
 55992 | Depths:1 | Found a shattered altar of Ashenzari.
 56158 | Depths:1 | Reached skill level 19 in Fighting
 57139 | Depths:2 | Reached XP level 23. HP: 73/155 MP: 32/32
 57363 | Depths:2 | Noticed Asterion
 57372 | Depths:2 | Killed Asterion
 57657 | Depths:2 | Found Paarunen's Gadget Boutique.
 57892 | Depths:2 | Gained mutation: You tend to lose your temper in combat. [a
                  | shining eye]
 58110 | Depths:2 | Reached skill level 10 in Evocations
 58540 | Depths:2 | Reached skill level 5 in Hexes
 59409 | Depths:3 | Noticed an ancient lich
 59419 | Depths:3 | Killed an ancient lich
 59539 | Depths:3 | Got a pair of faintly humming boots
 59540 | Depths:3 | Identified the +0 pair of boots "Ceagem" {rPois rF+ rN+
                  | Slay+3} (You acquired it on level 3 of the Depths)
 59907 | Depths:3 | Noticed an ancient lich
 59915 | Depths:3 | Killed an ancient lich
 59972 | Depths:3 | Found a one-way gate leading to the halls of Pandemonium.
 60131 | Depths:3 | Got the quarterstaff "Dimmuul" {vamp}
 60139 | Depths:3 | Identified the +5 quarterstaff "Dimmuul" {vamp, Dex+2} (You
                  | found it on level 3 of the Depths)
 61252 | Crypt:1  | Entered Level 1 of the Crypt
 61281 | Crypt:1  | Reached skill level 5 in Translocations
 61290 | Crypt:1  | Reached XP level 24. HP: 162/162 MP: 33/33
 61452 | Crypt:1  | Lost mutation: You tend to lose your temper in combat.
                  | [potion of mutation]
 61452 | Crypt:1  | Gained mutation: You are weak. (Str -2) [potion of
                  | mutation]
 61452 | Crypt:1  | Gained mutation: Your flesh is cold resistant. (rC+)
                  | [potion of mutation]
 61535 | Crypt:1  | Reached skill level 20 in Fighting
 62850 | Slime:1  | Entered Level 1 of the Pits of Slime
 62930 | Slime:1  | Gained mutation: You are dopey. (Int -2) [a shining eye]
 64366 | Slime:2  | Gained mutation: You are clumsy. (Dex -2) [a shining eye]
 64372 | Slime:2  | Lost mutation: Your flesh is cold resistant. (rC+) [potion
                  | of mutation]
 64372 | Slime:2  | Lost mutation: You are weak. (Str -2) [potion of mutation]
 64372 | Slime:2  | Lost mutation: You are dopey. (Int -2) [potion of mutation]
 64372 | Slime:2  | Gained mutation: You can translocate small distances at
                  | will. [potion of mutation]
 64372 | Slime:2  | Gained mutation: You expend magic power (3 MP) to
                  | strengthen your wands. [potion of mutation]
 65237 | Slime:3  | Reached XP level 25. HP: 117/169 MP: 35/35
 65670 | Slime:4  | Noticed Dissolution
 65994 | Slime:3  | Gained mutation: You are dopey. (Int -2) [a shining eye]
 66384 | Lair:2   | Lost mutation: You are dopey. (Int -2) [potion of mutation]
 66384 | Lair:2   | Lost mutation: You are clumsy. (Dex -2) [potion of
                  | mutation]
 66384 | Lair:2   | Gained mutation: You are weak. (Str -2) [potion of
                  | mutation]
 66384 | Lair:2   | Gained mutation: You are somewhat resistant to further
                  | mutation. [potion of mutation]
 66663 | Depths:4 | Found a one-way gate to the infinite horrors of the Abyss.
 67485 | Depths:4 | Reached skill level 21 in Fighting
 67977 | Depths:4 | Reached skill level 15 in Dodging
 67993 | Depths:4 | Found a shadowy altar of Dithmenos.
 67995 | Depths:4 | Found the +2 pair of boots of the Assassin {Detection Stab+
                  | Stlth++}
 68589 | Depths:5 | Entered Level 5 of the Depths
 68734 | Depths:5 | Found a gateway to a ziggurat.
 69090 | Depths:5 | Found a gate to the Realm of Zot.
 69136 | Depths:5 | Reached skill level 15 in Necromancy
 69369 | Depths:5 | Noticed Margery
 69380 | Depths:5 | Cast into level 2 of the Abyss (hell knight)
 69646 | Abyss:3  | Reached XP level 26. HP: 177/177 MP: 36/36
 69694 | Depths:5 | Escaped the Abyss
 70341 | Orc:2    | Noticed Sonja
 70343 | Orc:2    | Killed Sonja
 70453 | Elf:3    | You paid a toll of +2 gold dragon scales to enter a
                  | treasure trove
 70454 | Trove    | Entered a treasure trove
 70464 | Trove    | Got a black opal-encrusted chain mail
 70515 | Trove    | Identified the cursed +1 chain mail of Jaegikue {rPois
                  | Int+5} (You found it in a treasure trove)
 70527 | Trove    | Got a shimmering buckler
 70528 | Trove    | Identified the +0 buckler of Sineitol {Regen+} (You
                  | acquired it in a treasure trove)
 71216 | Depths:4 | Reached skill level 15 in Stealth
 71784 | Depths:5 | Killed Margery
 72611 | Elf:3    | Noticed Saint Roka
 72667 | Elf:3    | Killed Saint Roka
 72853 | Elf:3    | Reached skill level 10 in Armour
 73441 | Elf:3    | Got a pair of fine boots
 73462 | Elf:3    | Got a dazzling buckler
 73466 | Elf:3    | Identified the Tome of Spatial Feathers
 73474 | Elf:3    | Got a pair of heavily runed gloves
 73475 | Elf:3    | Identified the +0 pair of gloves "Quzonav" {-Cast +Blink
                  | rElec Str+6} (You found it on level 3 of the Elven Halls)
 73476 | Elf:3    | Identified the -6 pair of boots of Submission {rN+ MR-
                  | rCorr} (You found it on level 3 of the Elven Halls)
 73477 | Elf:3    | Identified the +6 buckler of Woxikya {rN+ Slay+2} (You
                  | found it on level 3 of the Elven Halls)
 73483 | Elf:3    | Got a transparent golden amulet
 73486 | Elf:3    | Identified the amulet "Qeitz" {Faith MR- MP+9 Str+3} (You
                  | found it on level 3 of the Elven Halls)
 73508 | Elf:3    | Got a steaming long sword
 73519 | Elf:3    | Identified the +8 long sword "Mualee" {pain, Str+4 Dex+3}
                  | (You found it on level 3 of the Elven Halls)
 73532 | Elf:3    | Got a crude steel ring
 73533 | Elf:3    | Identified the ring "Jenoun" {rF+ Int-4 Dex+4} (You took it
                  | off a deep elf death mage on level 3 of the Elven Halls)
 73606 | Elf:3    | Reached skill level 22 in Fighting
 74447 | Vaults:4 | Killed Peloso's ghost
 74667 | Vaults:4 | Got a pitted dagger {drain}
 74667 | Vaults:4 | Got a pitted chain mail
 74689 | Vaults:4 | Got a twisted hat
 74693 | Vaults:4 | Identified the cursed +1 chain mail of Hospitality {+Blink
                  | +Inv Dex-2} (You took it off an orc warlord on level 4 of
                  | the Vaults)
 74694 | Vaults:4 | Identified the cursed +0 hat of Zuvexos {rElec rCorr Str+2}
                  | (You found it on level 4 of the Vaults)
 74695 | Vaults:4 | Identified the cursed +3 dagger "Neeman" {drain, rC+} (You
                  | took it off an orc warrior on level 4 of the Vaults)
 76436 | Vaults:5 | Entered Level 5 of the Vaults
 76445 | Vaults:5 | Reached skill level 15 in Crossbows
 76622 | Vaults:4 | Reached XP level 27. HP: 176/184 MP: 35/36
 76773 | Vaults:5 | Got a warped rapier
 76779 | Vaults:5 | Identified the +4 rapier "X" {elec, MR+ Dex+2} (You found
                  | it on level 5 of the Vaults)
 77266 | Vaults:5 | Noticed an ancient lich
 77267 | Vaults:5 | Got a crude quarterstaff
 77275 | Vaults:5 | Killed an ancient lich
 77308 | Vaults:5 | Identified a +1 pair of boots of running (You found it on
                  | level 5 of the Vaults)
 77621 | Vaults:5 | Got a faintly glowing ruby amulet
 77663 | Vaults:5 | Identified the amulet of Icaugeurch {Gourm rC+ Str+4} (You
                  | took it off a frost giant on level 5 of the Vaults)
 77674 | Vaults:5 | Identified the +4 quarterstaff of Uskayaw's Whim {holy,
                  | Fragile Str+3 SInv} (You found it on level 5 of the Vaults)
 77713 | Vaults:5 | Reached skill level 23 in Fighting
 77725 | Vaults:5 | Got a crude pewter ring
 77859 | Vaults:5 | Noticed an ancient lich
 78206 | Lair:2   | Identified the ring of False Pretenses {rPois rF- Int+4
                  | Slay+3 SInv} (You acquired it on level 5 of the Vaults)
 78577 | Vaults:5 | Got an ichor-stained dire flail {speed}
 78605 | Vaults:5 | Got a translucent scale mail
 78608 | Vaults:5 | Got a brightly glowing wooden ring
 78751 | Vaults:5 | Got a silver rune of Zot
 78829 | Vaults:5 | Identified the ring "Direpyi" {MR+ SInv} (You found it on
                  | level 5 of the Vaults)
 78840 | Vaults:5 | Identified the cursed +1 scale mail of the Volcano {rPois
                  | MR+ rCorr} (You found it on level 5 of the Vaults)
 78851 | Vaults:5 | Identified the +9 dire flail "Vuchega" {speed, Str+4} (You
                  | took it off a fire giant on level 5 of the Vaults)
 78896 | Vaults:5 | Got a sparkling marble ring
 78900 | Vaults:5 | Identified the ring of Mekhoc {Ice Int+3} (You took it off
                  | a yaktaur on level 5 of the Vaults)
 79080 | Vaults:5 | Killed an ancient lich
 79230 | Vaults:5 | Got an encrusted leather armour
 79241 | Vaults:5 | Identified the +2 leather armour "Xaax Aps" {rElec MR+}
                  | (You took it off an ironbrand convoker on level 5 of the
                  | Vaults)
 79415 | Vaults:5 | Got an ancient brass ring
 79417 | Vaults:5 | Identified the ring of Qechy {*Drain rN+ MR+ Dex+4 Stlth+}
                  | (You took it off a yaktaur captain on level 5 of the
                  | Vaults)
 80189 | Zot:1    | Entered Level 1 of the Realm of Zot
 80555 | Zot:1    | Noticed an orb of fire
 80905 | Crypt:2  | Noticed Sojobo
 81731 | Crypt:1  | Killed Sojobo
 82239 | Crypt:2  | Noticed Donald
 82268 | Crypt:2  | Killed Donald
 82566 | Crypt:3  | Entered Level 3 of the Crypt
 82833 | Crypt:3  | Reached skill level 24 in Fighting
 83417 | Crypt:3  | Got a pair of warped boots
 83418 | Crypt:3  | Identified the +0 pair of boots of Enule {rC++ Str-5 Dex+7}
                  | (You acquired it on level 3 of the Crypt)
 83660 | Crypt:3  | Found a staircase to the Tomb.
 83853 | Crypt:3  | Got an ancient tin ring
 83901 | Crypt:3  | Identified the ring of Foibbuimn {*Slow +Inv rF+ rC+ rN+}
                  | (You took it off a skeletal warrior on level 3 of the
                  | Crypt)
 83905 | Crypt:3  | Got a brightly glowing jade ring
 83906 | Crypt:3  | Identified the ring "Bonistrism" {+Fly rN+++ MR+++ Int-3
                  | Dex+4} (You took it off a guardian mummy on level 3 of the
                  | Crypt)
 83917 | Crypt:3  | Found a basalt altar of Yredelemnul.
 83917 | Crypt:3  | Noticed an ancient lich
 83933 | Crypt:3  | Killed an ancient lich
 83944 | Crypt:3  | Found an ancient bone altar of Kikubaaqudgha.
 86008 | Zot:1    | HP: 5/192 [orb of fire/bolt of fire (24)]
 86014 | Zot:1    | Killed from afar by an orb of fire

Skill      XL: |  1  2  3  4  5  6  7  8  9 10 11 12 13 14 15 16 17 18 19 20 21 22 23 24 25 26 27 |
---------------+----------------------------------------------------------------------------------+-----
Stealth        | 1 3 4 6 7 9 10 11 12 13 14 15 | 15.0
Long Blades    | 3 5 8 10 11 12 13 14 15 16 17 18 | 18.4
Fighting       | 3 4 6 7 9 10 11 12 13 14 15 16 17 18 19 20 21 22 24 | 24.5
Short Blades   | 1 2 3 5 9 11 | 11.6
Armour         | 1 2 3 4 5 6 7 8 9 10 13 | 13.3
Dodging        | 4 5 6 7 8 9 10 11 12 13 14 15 | 15.0
Spellcasting   | 1 2 3 5 6 7 8 9 |  9.7
Evocations     | 2 3 4 6 7 8 9 10 11 12 | 12.0
Necromancy     | 2 3 4 5 6 7 8 9 10 11 12 13 14 15 16 17 | 17.9
Throwing       | 3 |  3.1
Translocations | 1 3 5 6 |  6.0
Crossbows      | 4 6 8 9 11 12 13 14 15 | 15.0
Hexes          | 3 4 5 6 |  6.0
Shields        | |  0.4

Action                   |  1- 3 |  4- 6 |  7- 9 | 10-12 | 13-15 | 16-18 | 19-21 | 22-24 | 25-27 || total
-------------------------+-------+-------+-------+-------+-------+-------+-------+-------+-------++-------
Melee: Long sword        |    80 |   166 |   191 |       |       |       |       |       |       ||   437
       Short sword       |       |     8 |       |       |       |       |       |       |       ||     8
       Rapier            |       |       |   405 |   811 |    28 |       |       |       |       ||  1244
       Scimitar          |       |       |       |   162 |  1058 |   257 |       |       |       ||  1477
       Double sword      |       |       |       |       |       |   995 |  1076 |  1272 |  1760 ||  5103
 Fire: Arbalest          |       |       |       |       |       |     5 |   116 |    85 |   154 ||   360
Throw: Throwing net      |       |     3 |     8 |    31 |     1 |     4 |       |       |     7 ||    54
 Cast: Animate Skeleton  |       |       |    25 |    37 |    10 |     6 |     1 |       |       ||    79
       Animate Dead      |       |       |       |     6 |    18 |    44 |    80 |    29 |    77 ||   254
       Corpse Rot        |       |       |       |     1 |       |     1 |       |       |       ||     2
       Pain              |       |       |       |     3 |       |       |       |       |       ||     3
       Dispel Undead     |       |       |       |       |       |       |     3 |     9 |    36 ||    48
       Vampiric Draining |       |       |       |       |       |       |       |     5 |     6 ||    11
       Blink             |       |       |       |       |       |       |       |       |     2 ||     2
Invok: Receive Necronomi |       |       |       |       |     1 |       |       |       |       ||     1
       Receive Corpses   |       |       |       |       |       |     1 |     3 |       |       ||     4
Evoke: Wand              |       |       |    28 |    11 |    83 |    42 |    18 |    32 |    30 ||   244
       Sack of spiders   |       |       |       |       |       |       |     3 |     2 |    12 ||    17
  Use: Scroll            |       |     7 |    12 |    10 |    11 |    26 |    21 |     8 |    58 ||   153
       Potion            |       |     3 |     5 |     8 |    12 |    13 |    18 |     7 |    14 ||    80
 Stab: Sleeping          |     5 |     9 |    16 |    17 |    19 |    29 |    33 |     2 |     5 ||   135
       Held in net/web   |       |     3 |    10 |    16 |     2 |     1 |     1 |       |     2 ||    35
       Distracted        |       |     1 |     4 |     3 |    10 |     6 |    11 |    13 |    17 ||    65
       Paralysed         |       |       |    13 |       |       |       |       |       |       ||    13
       Invisible         |       |       |     4 |       |       |       |     9 |       |       ||    13
       Confused          |       |       |     1 |       |       |     1 |       |       |       ||     2
       Petrified         |       |       |       |       |       |     6 |       |       |       ||     6
       Petrifying        |       |       |       |       |       |     3 |       |       |       ||     3
  Eat: Chunk             |     9 |     6 |    21 |    54 |    45 |    50 |    50 |    40 |    57 ||   332
       Ration            |       |       |       |       |       |     1 |    14 |     6 |    20 ||    41
Armor: Leather armour    |    23 |    36 |   101 |   188 |       |       |       |       |       ||   348
       Skin              |       |       |       |    39 |       |     8 |       |       |       ||    47
       Ring mail         |       |       |       |    48 |   216 |   265 |       |       |       ||   529
       Chain mail        |       |       |       |       |    32 |       |    34 |   479 |   367 ||   912
       Plate armour      |       |       |       |       |   106 |    55 |       |       |       ||   161
       Scale mail        |       |       |       |       |       |     3 |       |       |       ||     3
       Swamp dragon scal |       |       |       |       |       |   131 |   242 |    43 |       ||   416
       Gold dragon scale |       |       |       |       |       |       |       |       |   416 ||   416
Dodge: Dodged            |    73 |   143 |   515 |   624 |   987 |  1553 |   927 |  1037 |  1310 ||  7169
Block: Other             |       |       |       |       |       |       |    80 |   273 |   379 ||   732
       Reflection        |       |       |       |       |       |       |    12 |    11 |    15 ||    38
       Rpst.: Long sword |    25 |    48 |    59 |       |       |       |       |       |       ||   132
       Scimitar          |       |       |       |    43 |   270 |    72 |       |       |       ||   385
       Double sword      |       |       |       |       |       |   223 |   190 |   196 |   241 ||   850
